 Dungeon Crawl Stone Soup version 0.27.0-1-g7a089689b8 (webtiles) character file.

Game seed: 12857385483154880716

64 Brandom the Skirmisher (level 4, 0/40 HPs)
             Began as a Hill Orc Abyssal Knight on Aug 11, 2021.
             Was a Follower of Lugonu.
             Slain by Grinder (9 damage)
             ... on level 3 of the Dungeon.
             The game lasted 00:05:07 (2452 turns).

Brandom the Skirmisher (Hill Orc Abyssal Knight)    Turns: 2452, Time: 00:05:08

Health: 0/40       AC:  6    Str: 15    XL:     4   Next: 12%
Magic:  6/6        EV: 11    Int: 12    God:    Lugonu [*.....]
Gold:   91         SH:  0    Dex: 16    Spells: 3/3 levels left

rFire    . . .     SeeInvis .   a - +1 hand axe
rCold    . . .     Faith    .   (no shield)
rNeg     . . .     Spirit   .   g - +0 ring mail
rPois    .         Reflect  .   (no helmet)
rElec    .         Harm     .   (no cloak)
rCorr    .         Rampage  .   d - +0 pair of gloves
Will     .....                  (no boots)
Stlth    +.........             (no amulet)
HPRegen  0.13/turn              m - +6 ring of dexterity
MPRegen  0.10/turn              (no ring)

@: no status effects
A: no striking features
a: Renounce Religion, Depart the Abyss


You were on level 3 of the Dungeon.
You worshipped Lugonu.
Lugonu was aware of your devotion.
You visited 1 branch of the dungeon, and saw 3 of its levels.
You visited the Abyss 1 time.

You collected 91 gold pieces.

Inventory:

Hand Weapons
 a - a +1 hand axe (weapon)
Missiles
 e - 7 silver boomerangs
Armour
 b - a +0 leather armour
 d - a +0 pair of gloves (worn)
   (You found it on level 3 of the Dungeon)
 g - a +0 ring mail (worn)
   (You found it on level 1 of the Dungeon)
Jewellery
 m - a +6 ring of dexterity (left hand)
   (You found it on level 2 of the Dungeon)
Potions
 c - a potion of cancellation {unknown}
 f - a potion of magic
 h - 2 potions of heal wounds {unknown}
 j - a potion of ambrosia {unknown}
 k - 2 potions of resistance {unknown}
 n - a potion of haste {unknown}


   Skills:
 + Level 4.1 Fighting
 * Level 3.9 Axes
 + Level 2.7 Armour
 + Level 1.3 Dodging
 + Level 3.2 Invocations


You had 3 spell levels left.
You didn't know any spells.
Your spell library contained the following spells:

 Spells                   Type           Power      Damage    Failure   Level
 Sandblast                Erth           0%         2d4       54%         1
 Passwall                 Tmut/Erth      0%         N/A       67%         2
 Lee's Rapid Deconstruct  Erth           0%         3d5*      100%        5


Dungeon Overview and Level Annotations

Branches:
Dungeon (3/15)

Altars:
Makhleb

Annotations:
D:3 Grinder


Message History

You continue putting on your +0 pair of gloves. x4
You finish putting on your +0 pair of gloves.
Found 9 gold pieces.
You now have 79 gold pieces (gained 9).
You open the door.
There is an open door here.
You hear the slow rusting of a drain very nearby.
Found a robe.
You see here a +0 robe.
You see here a +0 robe.
A ball python comes into view.
The ball python hisses angrily.
Found a stone staircase leading up.
The ball python barely misses you. The ball python closely misses you.
The ball python bites you. The ball python grabs you.
The ball python constricts you.
You hit the ball python.
You kill the ball python!
Lugonu accepts your kill.
You see here a ball python corpse.
There is a stone staircase leading up here.
A ball python comes into view.
The ball python hisses angrily.
Found 12 gold pieces.
You slash the ball python!
You kill the ball python!
Lugonu accepts your kill.
You hear the rusting of a drain very nearby.
You now have 91 gold pieces (gained 12).
Grinder comes into view.
She is carrying a wand of flame (14).
Grinder shouts!
You closely miss Grinder. Grinder hits you but does no damage.
You hit Grinder. Grinder barely misses you.
Okay, then.
You hit Grinder.
Grinder zaps a wand.
The puff of flame misses you.
You barely miss Grinder. Grinder hits you.
You closely miss Grinder. Grinder hits you!
You barely miss Grinder.
Grinder zaps a wand.
The puff of flame hits you.
You closely miss Grinder. Grinder hits you.
You writhe in agony.
* * * LOW HITPOINT WARNING * * *
You hit Grinder but do no damage.
Grinder zaps a wand.
The puff of flame hits you!
* * * LOW HITPOINT WARNING * * *
Grinder hits you!
You die...

# ..### .....##
#...... #....## #.5.#
###@# ###...#
#.....#######
#...###........ #
..###...#########. #.
###..............
##.###.........####.#
#.
.....###........#...
###.
###....###...####.###
...


You could see Grinder.

Vanquished Creatures
  An adder (D:2)
  2 worms (D:2)
  6 ball pythons
  3 endoplasms
  A giant cockroach (D:1)
  6 hobgoblins
  7 jackals
  4 quokkas
  3 bats
  A frilled lizard (D:2)
  2 goblins (D:1)
  6 kobolds
  2 rats (D:1)
44 creatures vanquished.

Notes
Turn   | Place    | Note
-------+----------+-------------------------------------------
     0 | Abyss:1  | Brandom the Hill Orc Abyssal Knight began the quest for the
                  | Orb.
     0 | Abyss:1  | Reached XP level 1. HP: 19/19 MP: 2/2
   259 | Abyss:1  | Noticed a thrashing horror
   261 | D:1      | Escaped the Abyss
   261 | D:1      | Noticed an orb of fire
   261 | D:1      | Noticed a large abomination
   487 | D:1      | Noticed an orb of fire
   487 | D:1      | Noticed a shadow dragon
   489 | D:1      | Noticed an iron dragon
   490 | D:1      | Noticed an ice dragon
   491 | D:1      | Noticed a tentacled monstrosity
   493 | D:1      | Noticed a red draconian
   495 | D:1      | Noticed an orb of fire
   495 | D:1      | Noticed an iron dragon
   497 | D:1      | Noticed an iron dragon
   497 | D:1      | Noticed an ice dragon
   499 | D:1      | Noticed a shadow dragon
   499 | D:1      | Noticed a large abomination
   501 | D:1      | Noticed a shadow dragon
   501 | D:1      | Noticed an ice dragon
   501 | D:1      | Noticed an ice dragon
   503 | D:1      | Noticed an orb of fire
   503 | D:1      | Noticed an iron dragon
   505 | D:1      | Noticed a tentacled monstrosity
   654 | D:1      | Reached skill level 1 in Dodging
   654 | D:1      | Reached XP level 2. HP: 27/27 MP: 3/3
  1181 | D:1      | Reached * piety under Lugonu
  1370 | D:2      | Reached XP level 3. HP: 33/33 MP: 5/5
  1751 | D:2      | Reached skill level 4 in Fighting
  1843 | D:2      | Found a burning altar of Makhleb.
  2056 | D:2      | Found a faded altar of an unknown god.
  2060 | D:2      | Reached XP level 4. HP: 37/40 MP: 6/6
  2444 | D:3      | Noticed Grinder
  2452 | D:3      | Slain by Grinder

Illustrated notes

Levels and vault maps discovered:
D:1:      shiori_arrival_whats_in_store_for_you, layout_rooms, serial_rivers,
          chequers_serial_rivers_marsh, chequers_serial_rivers_room_b,
          chequers_serial_rivers_room_a, chequers_serial_rivers_micro_e
D:2:      layout_rooms, basic_ecumenical_altar, basic_altar,
          kennysheep_cluttered_room, amcnicky_mini_rare_corridor_liquid,
          minmay_misc_feat_secret_circle, columned_hall_lemuel
D:3:      minmay_wonky_spiral, layout_basic, portal_sewer_entry_b,
          minmay_unequal, uniq_ijyb, uniq_jessica, uniq_terence, uniq_grinder

Skill      XL: |  1  2  3 |
---------------+----------+-----
Axes           | 3 |  3.9
Dodging        | 1 |  1.3
Invocations    | 3 |  3.2
Fighting       | 4 |  4.1
Armour         | |  2.7

Action                   |  1- 3 |  4- 6 || total
-------------------------+-------+-------++-------
Melee: Hand axe          |   111 |    20 ||   131
Invok: Depart the Abyss  |     1 |       ||     1
  Use: Scroll            |       |     4 ||     4
Armor: Leather armour    |    10 |       ||    10
       Ring mail         |    23 |     6 ||    29
Dodge: Dodged            |    87 |     9 ||    96
